 Dungeon Crawl Stone Soup version 0.28.0 (webtiles) character file.

Game seed: 16719672876800229298

784 puppykicker the Chopper (level 7, -15/59 HPs)
             Began as a Hill Orc Arcane Marksman on Feb 10, 2022.
             Demolished by an ogre (24 damage)
             ... on level 5 of the Dungeon.
             The game lasted 00:20:12 (4949 turns).

puppykicker the Chopper (Hill Orc Arcane Marksman)  Turns: 4949, Time: 00:20:12

Health: -15/59     AC:  9    Str: 15    XL:     7   Next: 86%
Magic:  8/8        EV: 11    Int: 13    God:
Gold:   179        SH:  0    Dex: 11    Spells: 3/8 levels left

rFire   . . .      SeeInvis +   b - +0 hand crossbow
rCold   . . .      Faith    .   (no shield)
rNeg    . . .      Spirit   .   c - +0 ring mail
rPois   .          Reflect  .   n - +0 helmet {SInv} {sInv}
rElec   .          Harm     .   (no cloak)
rCorr   .          Rampage  .   d - +0 pair of gloves
Will    .....                   l - +0 pair of boots
Stlth   +.........              (no amulet)
HPRegen 0.19/turn               (no ring)
MPRegen 0.11/turn               (no ring)

@: no status effects
A: no striking features
a: no special abilities


You were on level 5 of the Dungeon.
You visited 1 branch of the dungeon, and saw 5 of its levels.

You collected 179 gold pieces.

Inventory:

Hand Weapons
 a - a +2 hand axe of freezing
 b - a +0 hand crossbow (weapon)
 v - the +2 Maxwell's thermic engine {flame, freeze}
   (You found it on level 5 of the Dungeon)

   It burns those it strikes, dealing additional fire damage.
   Big, fiery blades are also staple armaments of hydra-hunters.
   It freezes those it strikes, dealing additional cold damage.
   It can also slow down cold-blooded creatures.
   It becomes more effective when it hits something.
   This effect fades over time.
 w - a +0 arbalest
Missiles
 k - 7 poisoned darts
 Q - 28 bolts (quivered ammo)
Armour
 c - a +0 ring mail (worn)
 d - a +0 pair of gloves (worn)
 e - a +0 scale mail
 l - a +0 pair of boots (worn)
 n - a +0 helmet of see invisible (worn) {sInv}
Jewellery
 j - a ring of ice {rC+, rF-}
Scrolls
 g - a scroll of fog {unknown}
 m - a scroll of blinking {unknown}
 o - 2 scrolls of amnesia {unknown}
 p - a scroll of fear {unknown}
 t - 3 scrolls of magic mapping {unknown}
 u - a scroll of brand weapon {unknown}
Potions
 f - a potion of berserk rage {!q}
 h - a potion of invisibility
 i - 2 potions of curing {unknown}
 q - a potion of mutation {!q}
 r - a potion of magic
 s - 3 potions of heal wounds


   Skills:
 - Level 4.2 Fighting
 * Level 5.3 Axes
 + Level 4.0 Crossbows
 - Level 3.6 Armour
 - Level 3.2 Dodging
 - Level 1.0 Spellcasting
 - Level 3.0 Hexes


You had 3 spell levels left.
You knew the following spells:

 Your Spells              Type           Power      Damage    Failure   Level
a - Cause Fear            Hex            4%         N/A       83%         4
s - Slow                  Hex            32%        N/A       16%         1

Your spell library contained the following spells:

 Spells                   Type           Power      Damage    Failure   Level
 Inner Flame              Hex/Fire       4%         N/A       65%         3
 Portal Projectile        Hex/Tloc       8%         N/A       65%         3


Dungeon Overview and Level Annotations

Branches:
Dungeon (5/15)
 Temple: D:4-7

Altars:
Ashenzari
Elyvilon
Okawaru
Xom


Message History

Unknown command.
Your +2 hand axe of freezing stops glowing.
b - a +0 hand crossbow (weapon)
The hound bites you but does no damage.
An orc comes into view. It is wielding a +0 flail.
Fire: 33 bolts
Press: ? - help, Q - select action Shift-Dir - straight line, f - orc
Aim: an orc, wielding a +0 flail and wearing a +0 leather armour (63% to hit)
You shoot a bolt. The bolt hits the hound.
The hound bites you but does no damage. x2
Fire: 32 bolts
Press: ? - help, Q - select action Shift-Dir - straight line, f/p - orc
Aim: an orc, wielding a +0 flail and wearing a +0 leather armour (63% to hit)
You shoot a bolt. The bolt hits the hound!
The hound misses you.
A water moccasin skeleton comes into view.
The hound bites you but does no damage.
Fire: 31 bolts
Press: ? - help, Q - select action Shift-Dir - straight line, f/p - orc
Aim: an orc, wielding a +0 flail and wearing a +0 leather armour (63% to hit)
You shoot a bolt. The bolt hits the hound.
You kill the hound!
Your Crossbows skill increases to level 4!
Fire: 30 bolts
Press: ? - help, Q - select action Shift-Dir - straight line, f/p - orc
Aim: an orc, wielding a +0 flail and wearing a +0 leather armour (64% to hit)
You shoot a bolt. The bolt hits the ogre!
Unknown command.
Fire: 29 bolts
Press: ? - help, Q - select action Shift-Dir - straight line, f/p - orc
Aim: an orc, wielding a +0 flail and wearing a +0 leather armour (64% to hit)
You shoot a bolt. The bolt closely misses the ogre.
The bolt barely misses the orc.
The bolt hits the water moccasin skeleton but does no damage.
The ogre hits you with a +0 giant club!!
* * * LOW HITPOINT WARNING * * *
You take 25 damage, and have 9/59 hp.
MASSIVE DAMAGE!!
The ogre hits you with a +0 giant club!!
You die...

###........####'#
#........#....#
#...(....#....#
#........#.....
#ZZ.....$#.....
##########oZ......###...
..........#####.....#...
........O.# #.....#...
.......@..# #.....#...
..........# #.....#...
..........# #.....#...
..........# #.....#...
..........# #...
..........# #...
..........# #...
########### ##... #....


You could see an ogre, an orc, a hound zombie and 2 water moccasin skeletons.

Levels and vault maps discovered:
D:1:      minmay_arrival_doors, layout_loops_corners,
          dreamdust_ecumenical_altar_sealed_demon
D:2:      layout_basic, basic_altar, st_stairs_3
D:3:      layout_basic, elyvilon_altar_4, nrook_uturn, minmay_misc_feat_plants,
          minmay_close_crescents
D:4:      layout_rooms, mainiacjoe_overflow_alcove_4, uniq_natasha
D:5:      layout_gridville, mainiacjoe_overflow_catwalk, minitemple,
          fountainhead

Notes
Turn   | Place    | Note
-------+----------+-------------------------------------------
     0 | D:1      | puppykicker the Hill Orc Arcane Marksman began the quest
                  | for the Orb.
     0 | D:1      | Reached XP level 1. HP: 16/16 MP: 2/2
    75 | D:1      | Identified a +0 club
    77 | D:1      | Identified a +0 ring mail
   170 | D:1      | Identified a +0 pair of gloves
   191 | D:1      | Identified a +0 dagger
   195 | D:1      | Reached skill level 2 in Crossbows
   195 | D:1      | Reached XP level 2. HP: 23/23 MP: 3/3
   308 | D:1      | Identified a +0 dagger
   339 | D:1      | Identified a +0 scale mail
   346 | D:1      | Reached skill level 1 in Armour
   360 | D:1      | Identified a +0 dagger
   391 | D:1      | Identified a +0 hand crossbow
   407 | D:1      | Identified a +0 dagger
   452 | D:1      | Reached skill level 2 in Fighting
   524 | D:1      | Identified a +0 club
   538 | D:1      | Reached XP level 3. HP: 23/29 MP: 4/4
   579 | D:1      | Reached skill level 2 in Dodging
   652 | D:1      | Identified a +0 dagger
   694 | D:1      | Identified a +0 short sword
   879 | D:1      | Identified a +0 club
   925 | D:1      | Identified a +0 dagger
  1009 | D:1      | Identified a +0 leather armour
  1074 | D:1      | Found a faded altar of an unknown god.
  1074 | D:1      | Noticed a green death
  1494 | D:2      | Found a shimmering altar of Xom.
  1497 | D:2      | Identified a +0 short sword
  1520 | D:2      | Identified a +0 short sword
  1523 | D:2      | Identified a +0 club
  1668 | D:2      | Reached XP level 4. HP: 10/37 MP: 5/5
  1891 | D:2      | Learned a level 4 spell: Cause Fear
  1895 | D:2      | Identified a +0 short sword
  1895 | D:2      | Identified a +0 leather armour
  2071 | D:2      | Identified a ring of ice
  2147 | D:2      | Identified a +0 whip
  2147 | D:2      | Identified a +0 club
  2547 | D:3      | Reached skill level 2 in Armour
  2562 | D:3      | Found a white marble altar of Elyvilon.
  2591 | D:3      | Noticed a black bear
  2602 | D:3      | Killed a black bear
  2603 | D:3      | Reached skill level 3 in Fighting
  2603 | D:3      | Reached XP level 5. HP: 21/45 MP: 6/6
  2801 | D:3      | Identified a +0 club
  2801 | D:3      | Identified a +0 club
  2816 | D:3      | Identified a +0 leather armour
  2817 | D:3      | Identified a +0 scale mail
  2987 | D:3      | Identified a +0 club
  3004 | D:3      | Identified a +0 pair of boots
  3046 | D:3      | Identified a +0 short sword
  3051 | D:3      | Reached skill level 3 in Crossbows
  3144 | D:3      | Noticed a sky beast
  3164 | D:3      | Killed a sky beast
  3165 | D:3      | Reached skill level 3 in Armour
  3165 | D:3      | Reached XP level 6. HP: 19/52 MP: 7/7
  3386 | D:3      | Identified a +0 helmet of see invisible
  3408 | D:3      | Identified a +0 dagger
  3408 | D:3      | Identified a +0 hunting sling
  3540 | D:3      | Identified a +0 dagger
  3680 | D:3      | Identified a +0 club
  3680 | D:3      | Identified a +0 ring mail
  3755 | D:3      | Identified 2 scrolls of identify
  3755 | D:3      | Identified a potion of invisibility
  3756 | D:3      | Identified a potion of berserk rage
  3794 | D:4      | Reached skill level 3 in Dodging
  3838 | D:4      | Reached skill level 4 in Fighting
  3869 | D:4      | Reached XP level 7. HP: 32/59 MP: 8/8
  4021 | D:4      | Identified a +2 hand axe of freezing
  4052 | D:4      | Identified a +0 flail
  4092 | D:4      | Identified a potion of mutation
  4094 | D:4      | Identified a +0 club
  4107 | D:4      | Identified a potion of magic
  4141 | D:4      | Reached skill level 1 in Axes
  4273 | D:4      | Identified a +0 giant spiked club
  4301 | D:4      | Reached skill level 3 in Axes
  4440 | D:4      | Identified a +0 dagger
  4447 | D:4      | Noticed Natasha
  4453 | D:4      | Killed Natasha
  4466 | D:4      | Identified a +0 short sword
  4467 | D:4      | Identified a +0 mace
  4470 | D:4      | Identified a +0 club
  4495 | D:4      | Noticed Natasha
  4501 | D:4      | Killed Natasha
  4502 | D:4      | Reached skill level 4 in Axes
  4530 | D:4      | Identified a +0 club
  4534 | D:4      | Identified a +0 arbalest
  4539 | D:4      | Identified 2 potions of heal wounds
  4587 | D:4      | Identified a +0 falchion
  4587 | D:4      | Identified a +0 dagger of venom
  4587 | D:4      | Identified a +0 robe
  4588 | D:4      | Identified a +0 dagger
  4588 | D:4      | Identified a +0 robe
  4590 | D:4      | Identified a +0 trident
  4657 | D:4      | Noticed Natasha
  4665 | D:4      | Killed Natasha
  4672 | D:4      | Found an iron altar of Okawaru.
  4672 | D:4      | Identified a +0 club
  4688 | D:4      | Identified a +0 short sword
  4743 | D:5      | Entered Level 5 of the Dungeon
  4798 | D:5      | Reached skill level 5 in Axes
  4858 | D:5      | Found a broken altar of Ashenzari.
  4896 | D:5      | Found the +2 Maxwell's thermic engine {flame, freeze}
  4925 | D:5      | Identified a +0 giant club
  4942 | D:5      | Identified a +0 flail
  4942 | D:5      | Identified a +0 leather armour
  4946 | D:5      | Reached skill level 4 in Crossbows
  4947 | D:5      | HP: 9/59 [ogre (25)]
  4949 | D:5      | Demolished by an ogre

Table legend: (Time is in decaauts)
 A = Elapsed time spent in this place.
 B = Non-inter-level travel time spent in this place.
 C = Inter-level travel time spent in this place.
 D = Time resting spent in this place.
 E = Time spent auto-exploring this place.
 F = Levels seen in this place.
 G = Mean time per level.
                   A        B        C        D        E       F      G
               +--------+--------+--------+--------+--------+-----+--------+
         Total |   5017 |   4939 |     78 |   1728 |   2099 |   5 | 1003.4 |
       Dungeon |   5017 |   4939 |     78 |   1728 |   2099 |   5 | 1003.4 |
               +--------+--------+--------+--------+--------+-----+--------+

Top non-repeatable levels by time:
     D:2: 1365 daAuts
     D:3: 1271 daAuts
     D:1: 1195 daAuts
     D:4: 975 daAuts
     D:5: 208 daAuts

Table legend:
 A = Kills in this place as a percentage of kills in entire the game.
 B = Kills by you in this place as a percentage of kills by you in the entire game.
 C = Kills by friends in this place as a percentage of kills by friends in the entire game.
 D = Other kills in this place as a percentage of other kills in the entire game.
 E = Experience gained in this place as a percentage of experience gained in the entire game.
 F = Experience gained in this place divided by the number of levels of this place that you have seen.
                   A       B       C       D       E      F
               +-------+-------+-------+-------+-------+----------------------
         Total | 100.0 | 100.0 |   N/A |   N/A | 100.0 | 224.0
       Dungeon | 100.0 | 100.0 |   N/A |   N/A | 100.0 | 224.0
               +-------+-------+-------+-------+-------+----------------------

Skill      XL: |  1  2  3  4  5  6  7 |
---------------+----------------------+-----
Crossbows      | 2 3 4 |  4.0
Armour         | 1 2 3 |  3.6
Fighting       | 2 3 4 |  4.2
Dodging        | 2 3 |  3.2
Axes           | 5 |  5.3
Spellcasting   | |  1.0
Hexes          | |  3.0

Action                   |  1- 3 |  4- 6 |  7- 9 || total
-------------------------+-------+-------+-------++-------
Melee: Unarmed           |     3 |       |       ||     3
       Short sword       |    69 |   175 |       ||   244
       Punch             |       |     2 |     1 ||     3
       Hand axe          |       |       |   106 ||   106
 Fire: Hand crossbow     |    66 |    36 |     5 ||   107
Throw: Dart              |       |     8 |     3 ||    11
  Use: Scroll            |       |     2 |     3 ||     5
Armor: Ring mail         |    61 |   104 |    37 ||   202
Dodge: Dodged            |    69 |   140 |    65 ||   274

Vanquished Creatures
  A sky beast (D:3)
  A black bear (D:3)
  An ogre (D:4)
  2 scorpions (D:4)
  2 hounds
  2 iguanas
  Natasha (thrice) (D:4)
  2 orc wizards (D:4)
  5 adders
  A worm (D:3)
  5 dart slugs
  5 orcs
  6 ball pythons
  5 endoplasms
  5 giant cockroaches
  10 goblins
  6 hobgoblins
  7 jackals (D:3)
  18 kobolds
  3 quokkas
  8 bats
  5 frilled lizards
  4 rats
107 creatures vanquished.
